 Dungeon Crawl Stone Soup version 0.28.0-53-g5a82cb258f (webtiles) character file.

Game seed: 5742744233502007882

1499 Frost42 the Skirmisher (level 8, -9/71 HPs)
             Began as a Minotaur Abyssal Knight on July 22, 2022.
             Was a Priest of Lugonu.
             Mangled by a two-headed ogre
             ... wielding a +0 giant spiked club
              (24 damage)
             ... on level 6 of the Dungeon.
             The game lasted 00:36:51 (8472 turns).

Frost42 the Skirmisher (Minotaur Abyssal Knight)    Turns: 8472, Time: 00:36:51

Health: -9/71      AC:  8    Str: 25    XL:     8   Next: 52%
Magic:  9/10       EV: 12    Int:  7    God:    Lugonu [***...]
Gold:   215        SH:  0    Dex: 12    Spells: 7/7 levels left

rFire   . . .      SeeInvis +   g - +2 war axe (flame)
rCold   . . .      Faith    +   (no shield)
rNeg    . . .      Spirit   .   b - +2 leather armour
rPois   .          Reflect  .   (helmet restricted)
rElec   .          Harm     .   f - +1 cloak
rCorr   +          Rampage  .   (no gloves)
Will    .....                   (no boots)
Stlth   +.........              H - amulet of faith
HPRegen 0.21/turn               L - +6 ring of strength
MPRegen 0.12/turn               G - ring "Danezut" {rCorr SInv}

@: no status effects
A: horns 2, retaliatory headbutt
a: Renounce Religion, Depart the Abyss, Bend Space, Banish


You were on level 6 of the Dungeon.
You worshipped Lugonu.
Lugonu was most pleased with you.
You visited 1 branch of the dungeon, and saw 6 of its levels.
You visited the Abyss 1 time.
You also visited: Sewer.

You collected 215 gold pieces.

Inventory:

Hand Weapons
 a - a +1 mace
 c - a +5 spear
 g - a +2 war axe of flaming (weapon)
 n - a +2 dagger of venom
 q - a +0 dagger
 s - the +4 hunting sling "Xoub" {flame, Str+2}
   (You found it in a sewer)

   Any ammunition fired from it burns those it strikes, dealing additional fire
   damage.
   Str:       It affects your strength (+2).
 B - a +0 short sword
 D - a +2 vorpal halberd
 K - a +1 dagger of holy wrath
Missiles
 h - 256 stones
 j - 68 arrows
 l - 35 bolts
 o - 3 poisoned darts (quivered)
 x - 4 boomerangs
 F - 9 sling bullets
Armour
 b - a +2 leather armour (worn)
 f - a +1 cloak (worn)
Magical Staves
 i - a staff of earth
Jewellery
 k - a ring of see invisible
 G - the ring "Danezut" (right hand) {rCorr SInv}
   (You found it on level 5 of the Dungeon)

   [ring of resist corrosion]

   SInv:      It lets you see invisible.
   rCorr:     It protects you from acid and corrosion.
 H - an amulet of faith (around neck)
 L - a +6 ring of strength (left hand)
Wands
 A - a wand of iceblast (1)
Scrolls
 u - a scroll of vulnerability
 v - 2 scrolls of teleportation
 w - a scroll of immolation
 y - a scroll of torment {unknown}
 C - 2 scrolls of fog
 I - a scroll of blinking
Potions
 d - 3 potions of haste
 e - 2 potions of might
 m - a potion of invisibility {unknown}
 p - 2 potions of mutation
 r - a potion of brilliance
 t - a potion of heal wounds {unknown}
 z - a potion of attraction {unknown}
 E - a potion of magic
 J - a potion of lignification {unknown}
 M - 2 potions of resistance {unknown}


   Skills:
 + Level 6.9 Fighting
 * Level 1.6(4.3) Axes
 - Level 2.4(2.7) Maces & Flails
 - Level 5.7(5.8) Polearms
 * Level 6.5 Armour
 - Level 3.6 Dodging
 * Level 5.2 Invocations


You had 7 spell levels left.
You didn't know any spells.
Your spell library contained the following spells:

 Spells                   Type           Power      Damage    Failure   Level
 Foxfire                  Conj/Fire      0%         2x1d4     45%         1
 Magic Dart               Conj           0%         1d3       45%         1
 Call Imp                 Summ           0%         N/A       61%         2
 Conjure Flame            Conj/Fire      0%         6-21      83%         3
 Inner Flame              Hex/Fire       0%         N/A       83%         3
 Mephitic Cloud           Conj/Pois/Air  0%         N/A       83%         3
 Flame Wave               Conj/Fire      0%         2d4       99%         4
 Summon Ice Beast         Ice/Summ       0%         N/A       99%         4
 Summon Mana Viper        Hex/Summ       0%         N/A       100%        5
 Monstrous Menagerie      Summ           0%         N/A       100%        7
 Chain Lightning          Conj/Air       0%         N/A       100%        9
 Fire Storm               Conj/Fire      0%         5d1       100%        9
 Shatter                  Erth           0%         3d5*      100%        9


Dungeon Overview and Level Annotations

Branches:
Dungeon (6/15)             Temple (0/1) D:6           Sewer (visited)

Altars:
Cheibriados
Vehumet
Xom

Annotations:
D:4 exclusion: statue


Innate Abilities, Weirdness & Mutations

You have a pair of horns on your head.
You reflexively headbutt those who attack you in melee.


Message History

The poisoned dart barely misses the two-headed ogre.
Throw: 7 darts (poison)
Press: ? - help, Q - select action, (/) - cycle Shift-Dir - straight line, f/p - two-headed ogre
Aim: a two-headed ogre, wielding two +0 giant spiked clubs (75% to hit)
You throw a poisoned dart.
The poisoned dart hits the two-headed ogre.
The two-headed ogre is poisoned.
Throw: 6 darts (poison)
Press: ? - help, Q - select action, (/) - cycle Shift-Dir - straight line, f/p - two-headed ogre
Aim: a two-headed ogre, wielding two +0 giant spiked clubs (poisoned, 75% to hit)
You throw a poisoned dart.
The poisoned dart hits the two-headed ogre.
Space bends sharply around you!
The two-headed ogre blinks!
You blink.
Throw: 5 darts (poison)
Press: ? - help, Q - select action, (/) - cycle Shift-Dir - straight line, f/p - two-headed ogre
Aim: a two-headed ogre, wielding two +0 giant spiked clubs (lightly wounded, poisoned, 75% to hit)
You throw a poisoned dart.
The poisoned dart hits the two-headed ogre.
The two-headed ogre is lightly wounded.
Throw: 4 darts (poison)
Press: ? - help, Q - select action, (/) - cycle Shift-Dir - straight line, f/p - two-headed ogre
Aim: a two-headed ogre, wielding two +0 giant spiked clubs (lightly wounded, poisoned, 75% to hit)
You throw a poisoned dart.
The poisoned dart hits the two-headed ogre.
The two-headed ogre is lightly wounded.
The two-headed ogre looks more healthy.
You hit the two-headed ogre. You burn the two-headed ogre.
The two-headed ogre is lightly wounded.
The two-headed ogre hits you with a +0 giant spiked club!!
The two-headed ogre closely misses you.
You slash the two-headed ogre! You burn the two-headed ogre.
The two-headed ogre is moderately wounded.
The two-headed ogre hits you with a +0 giant spiked club!
The two-headed ogre hits you with a +0 giant spiked club!!
* * * LOW HITPOINT WARNING * * *
You hit the two-headed ogre. You burn the two-headed ogre.
You headbutt the two-headed ogre!
The two-headed ogre is heavily wounded.
The two-headed ogre hits you with a +0 giant spiked club!!
You die...

*,,,,,,,,,,,,,,,###+###...#.....
*,,,,,,,....,,..#,,,,,#†.###....
*,,,,,,,....**..#,***,##........
***,,,,,,...###.+,+>*,+..(......
*,,,,,,,......#,***,#.........
***,**,**#....#,,,,,#.........
**,,,,,,**#....###+###.........
*,,,,,,,,**#.[.(.(...........[.
*,,**,,,,,,#..@O.(.............
*,,,,,,,,#....##..(...##.<##.#.
*,,,,,........####...........#.
*,,,,,.......## #.......##.##^
**,,,,.......,* ##..#....#.##.
*,,,,,...#...,** #............
*,,**,..#.#..,,* #..........#.
******####...*** ####..###.###
**,,* #.## *##


You could see a two-headed ogre.

Vanquished Creatures
  A water moccasin (D:5)
  A black bear (D:6)
  An ice beast (D:5)
  An ogre (D:5)
  A phantom (D:5)
  A bullfrog (D:6)
  2 scorpions
  A centaur zombie (D:4)
  A bullfrog zombie (D:5)
  3 orc priests (D:5)
  2 hounds
  5 jellies
  A bullfrog skeleton (D:5)
  A centaur skeleton (D:4)
  Jessica (D:3)
  2 iguanas
  2 orc wizards (D:5)
  A hound skeleton (D:4)
  Robin (D:3)
  4 gnolls (D:5)
  10 adders
  3 river rats (Sewer)
  An adder skeleton (D:4)
  3 dart slugs
  16 orcs
  4 bats
  11 endoplasms
  9 giant cockroaches
  16 goblins
  9 hobgoblins
  8 jackals
  8 kobolds
  12 ball pythons
  7 frilled lizards
  7 rats
157 creatures vanquished.

Vanquished Creatures (others)
  A plant (D:6)
1 creature vanquished.

Grand Total: 158 creatures vanquished

Notes
Turn   | Place    | Note
-------+----------+-------------------------------------------
     0 | Abyss:1  | Frost42 the Minotaur Abyssal Knight began the quest for the
                  | Orb.
     0 | Abyss:1  | Reached XP level 1. HP: 19/19 MP: 1/1
   139 | Abyss:1  | Noticed a smoke demon
   141 | D:1      | Escaped the Abyss
   440 | D:1      | Reached * piety under Lugonu
   753 | D:1      | Reached XP level 2. HP: 25/27 MP: 2/2
  1196 | D:1      | Reached skill level 1 in Polearms
  1498 | D:2      | Reached XP level 3. HP: 32/33 MP: 3/3
  2151 | D:2      | Found a shimmering altar of Xom.
  2532 | D:3      | Noticed Robin
  2538 | D:3      | Reached XP level 4. HP: 40/40 MP: 4/4
  2544 | D:3      | Reached ** piety under Lugonu
  2551 | D:3      | Killed Robin
  2747 | D:3      | Found a glowing drain.
  2792 | Sewer    | Entered a sewer
  3186 | Sewer    | Reached XP level 5. HP: 42/47 MP: 5/5
  3463 | Sewer    | Found a viscous altar of Jiyva.
  3746 | Sewer    | Identified the +4 hunting sling "Xoub" {flame, Str+2}
  3811 | Sewer    | Reached skill level 5 in Fighting
  3811 | Sewer    | Reached XP level 6. HP: 56/56 MP: 7/7
  4450 | D:3      | Reached *** piety under Lugonu
  4649 | D:3      | Noticed Jessica
  4654 | D:3      | Killed Jessica
  6308 | D:4      | Found a radiant altar of Vehumet.
  6476 | D:4      | Reached XP level 7. HP: 55/61 MP: 8/8
  6767 | D:5      | Entered Level 5 of the Dungeon
  6777 | D:5      | Found a snail-covered altar of Cheibriados.
  6945 | D:5      | Reached skill level 5 in Armour
  7296 | D:5      | Reached skill level 5 in Polearms
  7305 | D:5      | Reached XP level 8. HP: 47/71 MP: 10/10
  7699 | D:5      | Identified the ring "Danezut" {rCorr SInv}
  8301 | D:6      | Reached skill level 1 in Axes
  8301 | D:6      | Reached skill level 5 in Invocations
  8461 | D:6      | Noticed a two-headed ogre
  8472 | D:6      | Mangled by a two-headed ogre

Illustrated notes

Levels and vault maps discovered:
D:1:      dpeg_arrival_chambers_temple_mockup, layout_rooms
D:2:      layout_loops_ring, basic_altar
D:3:      layout_loops_corners, cheibrodos_sewer_entry_drain,
          minmay_door_square, nrook_mini_backslash, grunt_ministairs_12,
          uniq_jessica, uniq_robin
D:4:      layout_loops_ring, vehumet_statue
D:5:      layout_loops_ring, cheibriados_altar_1
D:6:      cheibrodos_thug_alley, layout_cave_pools, fedhas_altar_decomposition,
          minmay_temple_entry_glassed_door, minmay_misc_feat_iff

Skill      XL: |  1  2  3  4  5  6  7  8 |
---------------+-------------------------+-----
Invocations    | 2 3 4 5 |  5.2
Polearms       | 1 2 3 4 5 |  5.7
Fighting       | 4 5 6 |  6.9
Armour         | 3 4 5 6 |  6.5
Dodging        | 2 3 |  3.6
Axes           | 1 |  1.6
Maces & Flails | |  2.4

Action                   |  1- 3 |  4- 6 |  7- 9 || total
-------------------------+-------+-------+-------++-------
Melee: Spear             |    57 |   126 |    48 ||   231
       Headbutt          |     7 |    18 |    15 ||    40
       Punch             |     1 |       |       ||     1
       Halberd           |       |       |    17 ||    17
       War axe           |       |       |    11 ||    11
 Fire: Hunting sling     |       |    15 |    14 ||    29
Throw: Stone             |    17 |    39 |    10 ||    66
       Dart              |       |       |    13 ||    13
Invok: Depart the Abyss  |     1 |       |       ||     1
       Bend Space        |       |       |     1 ||     1
Evoke: Wand              |       |       |     7 ||     7
  Use: Scroll            |     7 |     8 |     3 ||    18
       Potion            |       |     2 |     1 ||     3
Armor: Leather armour    |    20 |    80 |    16 ||   116
Dodge: Dodged            |    45 |   125 |    44 ||   214
